 Dungeon Crawl Stone Soup version 0.30-a0-778-g2ef04afb54 (webtiles) character file.

Game seed: 13073485028492764946

13803 Oxelix the Destroyer (level 11, -13/54 HPs)
             Began as a Deep Elf Conjurer on Feb 15, 2023.
             Was an Elder of Sif Muna.
             Mangled by a cane toad (16 damage)
             ... on level 1 of the Lair of Beasts.
             The game lasted 00:38:55 (15360 turns).

Oxelix the Destroyer (Deep Elf Conjurer)           Turns: 15360, Time: 00:38:56

Health: -13/54     AC:  9    Str:  4    XL:     11   Next: 80%
Magic:  1/29       EV: 11    Int: 32    God:    Sif Muna [****..]
Gold:   432        SH:  0    Dex: 13    Spells: 23/34 levels left

rFire   + + .      SeeInvis .    H - +6 whip of Fucem {flame, Int+4}
rCold   . . .      Faith    .    (no shield)
rNeg    . . .      Spirit   .    U - +0 leather armour of the Albatross {Contam rF++ Slay+5}
rPois   +          Reflect  .    (no helmet)
rElec   .          Harm     .    s - +0 cloak {rPois}
rCorr   .          Rampage  .    C - +0 pair of gloves
Will    +....                    (no boots)
Stlth   ++                       g - amulet of the acrobat
HPRegen 0.29/turn                y - +4 ring of protection
MPRegen 0.21/turn                (no ring)

@: lethally poisoned (-13 -> -24)
A: no striking features
a: Renounce Religion, Channel Magic, Forget Spell, Divine Exegesis


You were on level 1 of the Lair of Beasts.
You worshipped Sif Muna.
Sif Muna was greatly pleased with you.
You visited 3 branches of the dungeon, and saw 13 of its levels.
You also visited: Sewer and Ossuary.

You collected 694 gold pieces.
You spent 262 gold pieces at shops.

Inventory:

Hand Weapons
 d - the +5 morningstar "Dragonbane" {pain, rF+ rN+ Will+}
   (You found it on level 5 of the Dungeon)

   rF:        It protects you from fire.
   rN:        It protects you from negative energy.
   Will:      It increases your willpower.
 H - the +6 whip of Fucem (weapon) {flame, Int+4}
   (You bought it in a shop on level 7 of the Dungeon)

   Int:       It affects your intelligence (+4).
Missiles
 o - 4 silver javelins
 w - a boomerang
 J - 2 javelins
 R - 6 silver boomerangs
Armour
 a - a +0 robe
 s - a +0 cloak of poison resistance (worn)
 C - a +0 pair of gloves (worn)
 F - a +0 buckler
 U - the +0 leather armour of the Albatross (worn) {Contam rF++ Slay+5}
   (You found it on level 11 of the Dungeon)

   Slay:      It affects your accuracy & damage with ranged weapons and melee
   (+5).
   rF:        It greatly protects you from fire.
   Contam:    It causes magical contamination when unequipped.
Magical Staves
 c - a staff of death
Jewellery
 g - an amulet of the acrobat (around neck)
 y - a +4 ring of protection (left hand)
 G - an amulet of faith
Wands
 x - a wand of polymorph (8)
 A - a wand of mindburst (13)
 M - a wand of light (15)
 N - a wand of roots (7)
 S - a wand of paralysis (22)
 T - a wand of flame (20)
Scrolls
 h - 9 scrolls of fog
 j - a scroll of brand weapon
 l - 3 scrolls of enchant weapon
 n - 3 scrolls of poison
 r - 2 scrolls of teleportation
 t - 3 scrolls of amnesia
 z - 3 scrolls of vulnerability
 B - a scroll of immolation
 I - a scroll of silence {unknown}
 K - 3 scrolls of enchant armour {unknown}
 L - 2 scrolls of fear
 O - 3 scrolls of identify
 P - a scroll of torment {unknown}
 Q - 3 scrolls of acquirement {unknown}
 V - a scroll of magic mapping {unknown}
Potions
 b - 4 potions of magic
 e - 4 potions of heal wounds
 f - 12 potions of curing
 i - a potion of lignification {unknown}
 k - 2 potions of haste
 m - a potion of attraction
 p - 2 potions of ambrosia
 q - 5 potions of flight
 u - 3 potions of brilliance
 v - a potion of resistance {unknown}
 D - a potion of invisibility {unknown}
 E - a potion of berserk rage {unknown}
 W - a potion of mutation {unknown}


   Skills:
 - Level 2.4 Dodging
 - Level 2.4 Stealth
 + Level 12.0 Spellcasting
 + Level 13.5 Conjurations
 + Level 7.3 Transmutations
 + Level 7.3 Earth Magic
 - Level 8.5 Invocations


You had 23 spell levels left.
You knew the following spells:

 Your Spells              Type           Power      Damage    Failure   Level
a - Magic Dart            Conj           100%       1d8       0%          1
b - Searing Ray           Conj           100%       2d8       1%          2
c - Iskenderun's Mystic   Conj/Tloc      58%        2d12      2%          4
d - Fulminant Prism       Conj/Hex       29%        3d13      2%          4

Your spell library contained the following spells:

 Spells                   Type           Power      Damage    Failure   Level
 Dazzling Flash           Conj/Hex       100%       N/A       1%          3
 Hailstorm                Conj/Ice       58%        3d13      1%          3
 Apportation              Tloc           38%        N/A       4%          1
 Freeze                   Ice            76%        1d8       4%          1
 Ignite Poison            Fire/Tmut/Pois 34%        N/A       4%          3
 Blade Hands              Tmut           30%        N/A       6%          5
 Lee's Rapid Deconstruct  Erth           30%        3d16*     6%          5
 Leda's Liquefaction      Hex/Erth       21%        N/A       10%         4
 Frozen Ramparts          Ice            38%        1d6       13%         3
 Kindle Blastsparks       Fire/Tloc/Air  38%        2d13      13%         3
 Portal Projectile        Hex/Tloc       38%        N/A       13%         3
 Tukima's Dance           Hex            19%        N/A       13%         3
 Freezing Cloud           Conj/Ice/Air   24%        6-21      19%         5
 Alistair's Intoxication  Tmut/Pois      28%        N/A       26%         5
 Statue Form              Tmut/Erth      40%        N/A       34%         6


Dungeon Overview and Level Annotations

Branches:
Dungeon (11/15)            Temple (1/1) D:5            Lair (1/5) D:10
  Sewer (visited)         Ossuary (visited)
    Orc: D:9-12

Altars:
Ashenzari
Cheibriados
Dithmenos
Elyvilon
Fedhas
Gozag
Hepliaklqana
Kikubaaqudgha
Makhleb
Nemelex Xobeh
Okawaru
Qazlal
Ru
Sif Muna
Trog
Uskayaw
Vehumet
Wu Jian
Xom
Yredelemnul
Zin
The Shining One

Shops:
D:6 ((   D:7 *   D:10 *

Annotations:
D:7 2 transporters, vilexx's ghost, novice GrEE


Message History

Really renounce your faith, foregoing its fabulous benefits?
Okay, then.
Casting: Magic Dart (safe; 0% risk of failure)
Confirm with . or Enter, or press ? or * to list all spells.
Aiming: Magic Dart (safe; 0% risk of failure)
Press: ? - help, Shift-Dir - straight line, f/p - cane toad
Aim: a cane toad (severely wounded, 100% to hit)
The magic dart hits the cane toad.
The cane toad is severely wounded.
Casting: Magic Dart (safe; 0% risk of failure)
Confirm with . or Enter, or press ? or * to list all spells.
Aiming: Magic Dart (safe; 0% risk of failure)
Press: ? - help, Shift-Dir - straight line, f/p - cane toad
Aim: a cane toad (severely wounded, 100% to hit)
The magic dart hits the cane toad.
The cane toad is almost dead.
Casting: Magic Dart (safe; 0% risk of failure)
Confirm with . or Enter, or press ? or * to list all spells.
Aiming: Magic Dart (safe; 0% risk of failure)
Press: ? - help, Shift-Dir - straight line, f/p - cane toad
Aim: a cane toad (almost dead, 100% to hit)
The magic dart hits the cane toad but does no damage.
The cane toad is almost dead.
The cane toad stings you. The cane toad barely misses you.
Casting: Magic Dart (safe; 0% risk of failure)
Confirm with . or Enter, or press ? or * to list all spells.
You don't have enough magic to cast this spell.
Unknown command.
You barely miss the cane toad.
The cane toad is almost dead.
The cane toad stings you!!
* * * LOW HITPOINT WARNING * * *
You are lethally poisoned!
The cane toad poisons you!
You completely miss the cane toad.
The cane toad is almost dead.
* * * LOW HITPOINT WARNING * * *
You feel very sick. The cane toad stings you!
You die...

.........)......
#.................
#............$....
#................~
##................~
#.................~
#................~≈
#................≈
#....@F........#.~
#.................
##......_....##...
#...........# #.
##........###
#.......###
##.#.#### ##..#


You could see a cane toad.

Vanquished Creatures
  2 two-headed ogres
  An ugly thing (D:11)
  A manticore (D:9)
  A black mamba (Lair:1)
  2 cane toads (Lair:1)
  A kobold demonologist (D:9)
  A komodo dragon (Lair:1)
  3 trolls
  2 hornets
  10 blink frogs (Lair:1)
  A shadow (D:11)
  A wyvern (D:9)
  A wraith (D:11)
  10 yaks
  4 vampire mosquitoes (D:11)
  A basilisk (Lair:1)
  Menkaure (D:4)
  Edmund (D:4)
  8 water moccasins
  2 orc warriors
  3 black bears
  A sky beast (D:6)
  2 wolves (D:10)
  An ogre (D:5)
  7 centaurs
  A phantom (D:5)
  A kobold brigand (D:6)
  2 elf zombies (Ossuary)
  Blork the orc (D:4)
  A gnoll sergeant (D:8)
  A necrophage (D:5)
  5 scorpions
  2 bullfrogs (D:7)
  4 wights (D:7)
  6 killer bees (D:10)
  2 electric eels (D:10)
  3 howler monkeys (D:11)
  3 centaur zombies (Ossuary)
  7 hounds
  A jelly (D:7)
  7 orc priests
  2 human zombies (Ossuary)
  Crazy Yiuf (D:3)
  Jessica (D:2)
  4 iguanas
  Terence (D:3)
  4 orc wizards
  3 mummies
  4 adders
  7 gnolls
  A shadow imp (D:5)
  2 white imps
  An ufetubus (D:6)
  4 worms
  A dart slug (D:3)
  31 orcs
  7 endoplasms
  5 giant cockroaches
  9 goblins
  6 hobgoblins
  2 quokkas
  7 ball pythons
  18 bats
  3 frilled lizards
  A goblin zombie (Ossuary)
  12 hobgoblin zombies (Ossuary)
  A jackal zombie (Ossuary)
  9 kobolds
  11 kobold zombies
  5 orc zombies
  4 rats
  2 rat zombies (Ossuary)
  2 fulminant prisms
286 creatures vanquished.

Vanquished Creatures (others)
  75 fulminant prisms
  2 fungi (Lair:1)
  12 plants (Lair:1)
89 creatures vanquished.

Grand Total: 375 creatures vanquished

Notes
Turn   | Place    | Note
-------+----------+-------------------------------------------
     0 | D:1      | Oxelix the Deep Elf Conjurer began the quest for the Orb.
     0 | D:1      | Reached XP level 1. HP: 10/10 MP: 6/6
   263 | D:1      | Reached XP level 2. HP: 15/15 MP: 1/8
   510 | D:1      | Reached skill level 5 in Conjurations
   687 | D:1      | Learned a level 2 spell: Searing Ray
   733 | D:1      | Reached XP level 3. HP: 19/19 MP: 8/10
  1119 | D:2      | Noticed Jessica
  1122 | D:2      | Killed Jessica
  1259 | D:2      | Reached XP level 4. HP: 24/24 MP: 9/12
  1740 | D:2      | Reached skill level 6 in Conjurations
  2144 | D:2      | Reached XP level 5. HP: 28/28 MP: 12/14
  2308 | D:3      | Found a glowing drain.
  2337 | Sewer    | Entered a sewer
  2428 | Sewer    | Noticed a water moccasin
  2434 | Sewer    | Killed a water moccasin
  2435 | Sewer    | Reached skill level 5 in Spellcasting
  2435 | Sewer    | Reached skill level 7 in Conjurations
  2542 | D:3      | Found a shimmering blue altar of Sif Muna.
  2542 | D:3      | Noticed Terence
  2558 | D:3      | Killed Terence
  2559 | D:3      | Reached XP level 6. HP: 32/32 MP: 1/16
  2819 | D:3      | Became a worshipper of Sif Muna the Loreminder
  3071 | D:3      | Found a sacrificial altar of Ru.
  3365 | D:3      | Found a runed translucent door.
  3366 | D:3      | Noticed Crazy Yiuf
  3662 | D:3      | Killed Crazy Yiuf
  3750 | D:4      | Noticed Edmund
  3761 | D:4      | Killed Edmund
  4049 | D:4      | Learned a level 4 spell: Iskenderun's Mystic Blast
  4154 | D:4      | Noticed Menkaure
  4166 | D:4      | Killed Menkaure
  4167 | D:4      | Reached skill level 8 in Conjurations
  4167 | D:4      | Reached XP level 7. HP: 24/36 MP: 10/18
  4323 | D:4      | Noticed Blork the orc
  4329 | D:4      | Killed Blork the orc
  4329 | D:4      | Reached * piety under Sif Muna
  4553 | D:4      | Found a bloodstained altar of Trog.
  4553 | D:4      | Found a sparkling altar of Nemelex Xobeh.
  4562 | D:5      | Entered Level 5 of the Dungeon
  4627 | D:5      | Reached skill level 9 in Conjurations
  4872 | D:5      | Identified the +5 morningstar "Dragonbane" {pain, rF+ rN+
                  | Will+}
  5018 | D:5      | Reached XP level 8. HP: 41/41 MP: 15/21
  5152 | D:5      | Reached skill level 10 in Conjurations
  5220 | D:5      | Learned a level 4 spell: Fulminant Prism
  5468 | D:5      | Found a staircase to the Ecumenical Temple.
  5474 | Temple   | Entered the Ecumenical Temple
  5996 | D:6      | Found Jiny's Antique Weapon Shop.
  6562 | D:6      | Found Ufusump's Weapon Boutique.
  6737 | D:6      | Found a glowing golden altar of the Shining One.
  7040 | D:7      | Reached skill level 11 in Conjurations
  7169 | D:7      | Found a sand-covered staircase.
  7199 | Ossuary  | Entered an ossuary
  7380 | Ossuary  | Reached ** piety under Sif Muna
  7384 | Ossuary  | Reached XP level 9. HP: 42/45 MP: 9/24
  7751 | D:7      | Found Weosan Taol's Assorted Antiques.
  7757 | D:7      | Bought a translucent whip for 157 gold pieces
  7757 | D:7      | Identified the +6 whip of Fucem {flame, Int+4} (You bought
                  | it in a shop on level 7 of the Dungeon)
  7757 | D:7      | Bought a scroll of identify for 42 gold pieces
  7757 | D:7      | Bought a scroll labelled BOXKUI YXISEN for 21 gold pieces
  7757 | D:7      | Bought a scroll of identify for 42 gold pieces
  7857 | D:7      | Found a transporter.
  7858 | D:7      | Found a transporter.
  7858 | D:7      | Noticed vilexx's ghost (novice GrEE)
  7904 | D:7      | Noticed a queen bee
  7924 | D:7      | Reached skill level 10 in Spellcasting
  8070 | D:7      | Reached skill level 12 in Conjurations
  8122 | D:7      | Reached skill level 1 in Invocations
  8296 | D:7      | Reached *** piety under Sif Muna
  9585 | D:9      | Noticed a manticore
  9592 | D:9      | Killed a manticore
  9592 | D:9      | Reached **** piety under Sif Muna
  9593 | D:9      | Reached XP level 10. HP: 46/50 MP: 15/27
  9785 | D:9      | Found a radiant altar of Vehumet.
  9877 | D:9      | Reached skill level 1 in Transmutations
  9877 | D:9      | Reached skill level 1 in Earth Magic
  9958 | D:9      | Reached skill level 5 in Invocations
 10023 | D:9      | Reached skill level 13 in Conjurations
 10658 | D:10     | Entered Level 10 of the Dungeon
 10672 | D:10     | Found an ornate altar of the Wu Jian Council.
 10747 | D:10     | Found a staircase to the Lair.
 11040 | D:10     | Found Jypiquid's Lightly-Used Armoury.
 11181 | D:10     | Noticed a two-headed ogre
 11915 | D:10     | Killed a two-headed ogre
 12070 | D:10     | Found a staircase to the Lair.
 12089 | D:10     | Found an ornate altar of the Wu Jian Council.
 12149 | D:10     | Found Jypiquid's Lightly-Used Armoury.
 12399 | D:11     | Identified the +0 leather armour of the Albatross {Contam
                  | rF++ Slay+5}
 12448 | D:11     | Reached skill level 5 in Transmutations
 12448 | D:11     | Reached skill level 5 in Earth Magic
 12506 | D:11     | Reached XP level 11. HP: 15/54 MP: 6/28
 13132 | D:11     | Noticed a red ugly thing
 13145 | D:11     | Killed a red ugly thing
 13403 | D:11     | Noticed a boulder beetle
 13737 | D:11     | Noticed a two-headed ogre
 13744 | D:11     | Killed a two-headed ogre
 14623 | Lair:1   | Entered Level 1 of the Lair of Beasts
 15321 | Lair:1   | Found a glowing golden altar of the Shining One.
 15360 | Lair:1   | Mangled by a cane toad

Illustrated notes

Levels and vault maps discovered:
D:1:      heliophobic_arrival_dark_side_of_the_moon, layout_loops_ring,
          hangedman_abyss_or_decor_stabs
D:2:      layout_basic, moated_statue, uniq_jessica
D:3:      minmay_wonky_spiral, layout_loops_ring,
          nicolae_ru_sacrificial_ziggurat, mainiacjoe_overflow_paths,
          cheibrodos_sewer_entry_drain, uniq_terence, uniq_crazy_yiuf_cottage
D:4:      layout_basic, gammafunk_temple_overflow_wave, uniq_blork_the_orc,
          uniq_edmund, uniq_menkaure
D:5:      layout_basic, minmay_temple_entry_fiery, st_stairs_13
D:6:      layout_layer_cave, mainiacjoe_overflow_alcove_2, serial_shops,
          nicolae_shop_behind_doors, shop_fountains
D:7:      layout_basic, nicolae_ossuary_entry_giza, serial_shops,
          nicolae_shop_hallway_plus, gammafunk_ghost_hive
D:8:      layout_basic
D:9:      layout_cave_pods, vehumet_altar_wand_db, grunt_decor_mini_mirrors,
          david_defended_altar_orc
D:10:     layout_grid_maze, nzn_wu_jian_contemplation, erik_lair_island,
          minmay_shop_damaged
D:11:     layout_layer_cave
Temple:   hellmonk_temple_two_chambers
Lair:1:   layout_cave_pods, basic_altar, grunt_megastairs_2,
          serial_bayou_shore_a, infiniplex_staircase_pool_2, uniq_sonja

Skill      XL: |  1  2  3  4  5  6  7  8  9 10 11 |
---------------+----------------------------------+-----
Conjurations   | 5 6 7 8 9 11 12 13 | 13.5
Spellcasting   | 4 5 6 7 9 11 12 | 12.0
Invocations    | 4 7 8 |  8.5
Transmutations | 5 7 |  7.3
Earth Magic    | 5 7 |  7.3
Dodging        | |  2.4
Stealth        | |  2.4

Action                     |  1- 3 |  4- 6 |  7- 9 | 10-12 || total
---------------------------+-------+-------+-------+-------++-------
  Melee: Staff             |       |     2 |       |       ||     2
         Morningstar       |       |       |    28 |       ||    28
         Whip              |       |       |    18 |    37 ||    55
         Punch             |       |       |     1 |     3 ||     4
   Cast: Magic Dart        |    52 |   128 |   154 |   100 ||   434
         Searing Ray       |       |    10 |    47 |    25 ||    82
         Fulminant Prism   |       |       |    16 |    61 ||    77
         Iskenderun's Myst |       |       |     1 |    11 ||    12
    Use: Scroll            |       |       |    12 |     5 ||    17
 Armour: Robe              |       |     1 |    42 |     8 ||    51
         Leather armour    |       |       |       |    19 ||    19
  Dodge: Dodged            |     1 |    19 |    96 |   119 ||   235

Table legend: (Time is in decaauts)
 A = Elapsed time spent in this place.
 B = Non-inter-level travel time spent in this place.
 C = Inter-level travel time spent in this place.
 D = Time resting spent in this place.
 E = Time spent auto-exploring this place.
 F = Levels seen in this place.
 G = Mean time per level.
                   A        B        C        D        E       F      G
               +--------+--------+--------+--------+--------+-----+--------+
         Total |  15388 |  14850 |    538 |   1950 |  10957 |  15 | 1025.9 |
       Dungeon |  13970 |  13432 |    538 |   1658 |  10222 |  11 | 1270.0 |
        Temple |     19 |     19 |      0 |      0 |     10 |   1 |   19.0 |
          Lair |    739 |    739 |      0 |    188 |    361 |   1 |  739.0 |
         Sewer |    186 |    186 |      0 |      0 |    157 |   1 |  186.0 |
       Ossuary |    471 |    471 |      0 |    104 |    207 |   1 |  471.0 |
               +--------+--------+--------+--------+--------+-----+--------+

Top non-repeatable levels by time:
    D:10: 2417 daAuts
     D:6: 1448 daAuts
    D:11: 1421 daAuts
     D:9: 1290 daAuts
     D:2: 1274 daAuts
     D:3: 1267 daAuts
     D:7: 1113 daAuts
     D:1: 1003 daAuts
     D:5: 952 daAuts
     D:8: 950 daAuts
     D:4: 831 daAuts
  Lair:1: 739 daAuts
 Ossuary: 471 daAuts
   Sewer: 186 daAuts
  Temple: 19 daAuts
